 Dungeon Crawl Stone Soup version 0.30-a0-137-gd8773701ce (webtiles) character file.

Game seed: 7692889897991297962

9324 ytrimaz the Severer (level 11, -1/160 HPs)
             Began as a Hill Orc Fighter on Sept 23, 2022.
             Was a Priest of Beogh.
             Slain by a komodo dragon (19 damage)
             ... on level 1 of the Lair of Beasts.
             The game lasted 00:11:15 (11772 turns).

ytrimaz the Severer (Hill Orc Fighter)             Turns: 11772, Time: 00:11:15

Health: -1/160     AC: 32    Str: 30    XL:     11   Next: 44%
Magic:  16/16      EV:  2    Int: 14    God:    Beogh [***...]
Gold:   115        SH:  4    Dex: 10    Spells: 10/10 levels left

rFire   . . .      SeeInvis .    a - +0 war axe (protect)
rCold   . . .      Faith    +    c - +0 buckler
rNeg    . . .      Spirit   .    (body armour currently unavailable)
rPois   +          Reflect  .    (helmet currently unavailable)
rElec   .          Harm     .    (cloak currently unavailable)
rCorr   .          Rampage  .    (gloves currently unavailable)
Will    .....      NoTele   +    (boots currently unavailable)
Stlth   +.........               v - amulet of faith
HPRegen 0.36/turn                o - +6 ring of intelligence
MPRegen 0.15/turn                x - +6 ring of strength

@: mighty, tree-form, under a protective aura, studying Shields
A: stationary, stasis, torment immunity, boosted hp
a: Renounce Religion, Smiting


You were on level 1 of the Lair of Beasts.
You worshipped Beogh.
Beogh was most pleased with you.
You were a tree.
You visited 4 branches of the dungeon, and saw 14 of its levels.

You collected 633 gold pieces.
You spent 518 gold pieces at shops.


   Skills:
 + Level 13.5 Fighting
 - Level 16.0 Axes
 - Level 3.2 Armour
 - Level 3.2 Shields
 + Level 7.6 Invocations


You had 10 spell levels left.
You didn't know any spells.
Your spell library contained the following spells:

 Spells                   Type           Power      Damage    Failure   Level
 Apportation              Tloc           0%         N/A       36%         1
 Necrotise                Necr           0%         1d4       36%         1
 Summon Small Mammal      Summ           0%         N/A       36%         1
 Call Canine Familiar     Summ           0%         N/A       75%         3
 Portal Projectile        Hex/Tloc       0%         N/A       75%         3
 Summon Guardian Golem    Hex/Summ       0%         N/A       75%         3
 Leda's Liquefaction      Hex/Erth       0%         N/A       98%         4
 Fireball                 Conj/Fire      0%         3d3       100%        5
 Starburst                Conj/Fire      0%         6d3       100%        6
 Ignition                 Fire           0%         3d3       100%        8

Inventory:

Hand Weapons
 a - a +0 war axe of protection (weapon)
Armour
 c - a +0 buckler (worn)
 t - a +0 cloak (melded)
   (You found it on level 7 of the Dungeon)
 u - a +0 pair of boots (melded)
   (You found it on level 7 of the Dungeon)
 w - a +2 pair of gloves (melded)
   (You found it on level 8 of the Dungeon)
 y - the +1 helmet of Dilopn (melded) {Rampage Fly rElec Int-4 Stlth+}
   (You acquired it on level 11 of the Dungeon)

   Int:       It affects your intelligence (-4).
   rElec:     It insulates you from electricity.
   Fly:       It grants you flight.
   Rampage:   It bestows one free step when moving towards enemies.
   Stlth:     It makes you more stealthy.
 H - a +2 plate armour of poison resistance (melded)
   (You bought it in a shop on level 3 of the Dungeon)
Jewellery
 k - an amulet of magic regeneration
   (You found it on level 1 of the Dungeon)
 o - a +6 ring of intelligence (left branch)
   (You found it on level 4 of the Dungeon)
 v - an amulet of faith (around neck)
   (You took it off a gnoll bouda on level 8 of the Dungeon)
 x - a +6 ring of strength (right branch)
   (You found it on level 8 of the Dungeon)
Wands
 d - a wand of flame (15)
   (You took it off Ijyb on level 5 of the Dungeon)
 q - a wand of acid (4)
   (You took it off a centaur on level 7 of the Dungeon)
 F - a wand of iceblast (7)
   (You found it on level 10 of the Dungeon)
 G - a wand of polymorph (4)
   (You found it on level 10 of the Dungeon)
Scrolls
 f - 2 scrolls of blinking
 i - a scroll of vulnerability
 n - 4 scrolls of teleportation
 z - a scroll of fog
 A - 2 scrolls of fear
Potions
 b - a potion of heal wounds
 g - 3 potions of brilliance
 h - a potion of invisibility
 j - 3 potions of attraction
 l - a potion of flight
 m - a potion of cancellation
 s - a potion of curing
 C - a potion of magic {unknown}
 E - a potion of mutation {unknown}

Dungeon Overview and Level Annotations

Branches:
Dungeon (11/15) Zot: 26289  Temple (1/1) D:6 Zot: 5945    Lair (1/5) D:8 Zot: 5846
    Orc (1/2) D:9 Zot: 5838

Altars:
Ashenzari
Cheibriados
Dithmenos
Elyvilon
Fedhas
Gozag
Hepliaklqana
Kikubaaqudgha
Makhleb
Nemelex Xobeh
Okawaru
Qazlal
Ru
Sif Muna
Trog
Uskayaw
Vehumet
Wu Jian
Xom
Yredelemnul
Zin
The Shining One

Shops:
D:3

[ #......#..# #....## .
#......#..# #.....#..
#......#..# ##.......
#.........###....^..
#..............P#.#
.....lY........##.# ##
........#..####.#.# .P#
...l...###l#####..##.#
P...... ##♣##.##†.#..##
..#...# #.............#
...... #..~#.........#
..#...###..~≈P........#
..........#~~.........#
.....##~#........#
.................#
.................#
#P...............#


You could see a komodo dragon.


Message History

😱 HP[-1]
You now have 160 max hp (+53).
You feel much better.
You feel yourself speed up.
The black mamba bites you but does no damage. x2
The black mamba bites you!
* * * LOW HITPOINT WARNING * * *
😱 HP[+5]
You regained 5 hp, and now have 27/160 hp.
You feel very mighty all of a sudden.
The black mamba bites you but does no damage.
The black mamba bites you.
* * * LOW HITPOINT WARNING * * *
Being near the torpor snail leaves you feeling lethargic. 😱 HP[-1]
You take 1 damage, and now have 26/160 hp.
You slice the black mamba!!
Your weapon exudes an aura of protection.
You feel yourself speed up. You block the black mamba's attack.
The black mamba bites you but does no damage.
Unknown command.
You slice the black mamba!!
You kill the black mamba!
Beogh accepts your kill.
Being near the torpor snail leaves you feeling lethargic.
Your Invocations skill increases to level 7!
You slash the yak!
You feel yourself speed up. You block the yak's attack.
Being near the torpor snail leaves you feeling lethargic. 😱 HP[+1]
You barely miss the yak.
You feel yourself speed up. The yak gores you but does no damage.
Being near the torpor snail leaves you feeling lethargic.
You closely miss the yak.
You feel yourself speed up.
You block the yak's attack. x2 😱 HP[+1] Unknown command.
You slash the yak!
Being near the torpor snail leaves you feeling lethargic.
You barely miss the yak.
You feel yourself speed up. The yak gores you but does no damage.
Being near the torpor snail leaves you feeling lethargic.
You slash the torpor snail!
You feel yourself speed up. 😱 HP[+1]
You hit the torpor snail.
Unknown command.
You hit the torpor snail. The torpor snail bites you.
* * * LOW HITPOINT WARNING * * *
Being near the torpor snail leaves you feeling lethargic. 😱 HP[-1]
You take 1 damage, and now have 28/160 hp.
You slice the torpor snail!!
You feel yourself speed up. 😱 HP[+1] Unknown command.
You slash the torpor snail!
The torpor snail bites you but does no damage.
Being near the torpor snail leaves you feeling lethargic.
You slice the torpor snail!!
You kill the torpor snail!
Beogh accepts your kill.
You feel yourself speed up.
Unknown command.
You closely miss the yak.
The yak gores you but does no damage. 😱 HP[+1] Unknown command.
You slice the yak!!
You kill the yak!
Beogh accepts your kill.
You closely miss the yak.
Unknown command.
You slice the yak!!
You kill the yak!
Beogh accepts your kill.
You slice the yak!!
You kill the yak!
Beogh accepts your kill. 😱 HP[+1] Unknown command.
You slash the komodo dragon!
You hit the komodo dragon but do no damage.
You hear the slow rumble of a distant avalanche of rocks.
You block the komodo dragon's attack.
You barely miss the komodo dragon. The komodo dragon bites you!
* * * LOW HITPOINT WARNING * * *
😱 HP[-13]
You take 13 damage, and now have 18/160 hp.
Unknown command.
You slash the komodo dragon!
The komodo dragon bites you but does no damage.
You barely miss the komodo dragon.
Unknown command.
You slash the komodo dragon! The komodo dragon bites you!!
You die...

Skill      XL: |  1  2  3  4  5  6  7  8  9 10 11 |
---------------+----------------------------------+-----
Axes           | 3 4 5 6 8 9 12 14 16 | 16.0
Fighting       | 4 5 6 7 8 10 12 13 | 13.5
Invocations    | 4 7 |  7.6
Armour         | |  3.2
Shields        | |  3.2

Action                   |  1- 3 |  4- 6 |  7- 9 | 10-12 || total
-------------------------+-------+-------+-------+-------++-------
Melee: War axe           |    68 |   100 |   349 |   233 ||   750
Invok: Convert to Beogh  |       |       |     1 |       ||     1
  Use: Scroll            |     7 |     1 |    12 |     3 ||    23
       Potion            |     1 |     2 |     5 |     4 ||    12
Armor: Scale mail        |    30 |    56 |   149 |     2 ||   237
       Skin              |       |       |    15 |     9 ||    24
       Troll leather arm |       |       |       |    79 ||    79
       Plate armour      |       |       |       |    34 ||    34
Dodge: Dodged            |    29 |    58 |   158 |    79 ||   324
Block: Buckler           |    17 |    26 |    70 |    37 ||   150

Levels and vault maps discovered:
D:1:      giann_horns, layout_basic, shapermc_ecumenical_altar_mp_highgroup
D:2:      layout_loops_cross
D:3:      layout_loops_ring, serial_shops, shop, chequers_serial_rivers_large_a,
          chequers_serial_rivers_micro_a, roderic_batcave, uniq_grinder,
          uniq_pargi
D:4:      layout_gridville, nemelex_xobeh_ov_fountains_minmay,
          grunt_ministairs_14, wad_floor_pattern_1
D:5:      layout_basic, mainiacjoe_overflow_catwalk, slow_altar_1, zin_statuary,
          minmay_manual_mares, uniq_duvessa, uniq_ijyb, uniq_prince_ribbit1
D:6:      layout_loops_corners, minmay_temple_entry_wispy, uniq_maggie
D:7:      layout_loops_ring, mainiacjoe_overflow_alcove_2
D:8:      layout_rooms, lemuel_doored_altar, david_lair_shrubbed,
          chequers_mini_garden
D:9:      layout_loops_corners, mainiacjoe_overflow_surrounded_room,
          hiddenorc1_lemuel
D:10:     layout_basic, mainiacjoe_overflow_chevrons,
          mainiacjoe_overflow_alcove_1
D:11:     layout_roguey, gammafunk_ghost_abyssal_escape, doesnt_xom_only_xom
Temple:   nicolae_temple_god_jail
Lair:1:   layout_gridlike, enter_volcano_4, special_room [special_room_bee]
Orc:1:    layout_caves, serial_shops, nicolae_lakefront_shop,
          minmay_orc_temple_c, uniq_harold

Notes
Turn   | Place    | Note
-------+----------+-------------------------------------------
     0 | D:1      | ytrimaz the Hill Orc Fighter began the quest for the Orb.
     0 | D:1      | Reached XP level 1. HP: 19/19 MP: 1/1
     0 | D:1      | magus.rc [v1.9.6]
   102 | D:1      | Reached skill level 3 in Axes
   240 | D:1      | Reached XP level 2. HP: 27/27 MP: 2/2
   485 | D:1      | Found a faded altar of an unknown god.
   500 | D:1      | Reached skill level 4 in Fighting
   679 | D:1      | Reached skill level 4 in Axes
   689 | D:1      | Reached XP level 3. HP: 22/33 MP: 3/3
  1026 | D:2      | Reached skill level 5 in Axes
  1026 | D:2      | Reached XP level 4. HP: 41/41 MP: 4/4
  1595 | D:2      | Reached XP level 5. HP: 47/47 MP: 5/5
  1620 | D:2      | Reached skill level 5 in Fighting
  1620 | D:2      | Reached skill level 6 in Axes
  2045 | D:3      | Found Lixet's Armour Emporium.
  2055 | D:3      | Noticed a phantom
  2067 | D:3      | Killed a phantom
  2068 | D:3      | Reached XP level 6. HP: 49/56 MP: 6/6
  2135 | D:3      | Noticed Grinder
  2148 | D:3      | HP: 14/56 [Grinder (8)]
  2152 | D:3      | Killed Grinder
  2153 | D:3      | Reached skill level 6 in Fighting
  2153 | D:3      | Reached skill level 7 in Axes
  2374 | D:3      | Noticed Pargi
  2385 | D:3      | Killed Pargi
  2386 | D:3      | Reached skill level 8 in Axes
  2386 | D:3      | Reached XP level 7. HP: 50/63 MP: 7/7
  2629 | D:3      | Identified the +0 ring mail of Becae {Str+4 Int+2}
  3075 | D:4      | Found a sparkling altar of Nemelex Xobeh.
  3114 | D:4      | You pick up a book of Cantrips and begin reading...
  3114 | D:4      | You add the spells Necrotise, Summon Small Mammal and
                  | Apportation to your library.
  3227 | D:4      | You pick up a book of Fire and begin reading...
  3227 | D:4      | You add the spells Fireball, Starburst and Ignition to your
                  | library.
  3786 | D:4      | You pick up a book of Callings and begin reading...
  3786 | D:4      | You add the spells Call Canine Familiar and Summon Guardian
                  | Golem to your library.
  3877 | D:5      | Entered Level 5 of the Dungeon
  3894 | D:5      | You pick up a book of the Hunter and begin reading...
  3894 | D:5      | You add the spells Portal Projectile and Leda's
                  | Liquefaction to your library.
  3941 | D:5      | Found a glowing silver altar of Zin.
  3986 | D:5      | Reached skill level 9 in Axes
  4132 | D:5      | Noticed Duvessa
  4133 | D:5      | Noticed Dowan
  4137 | D:5      | Killed Duvessa
  4138 | D:5      | Reached skill level 7 in Fighting
  4139 | D:5      | Killed Dowan
  4140 | D:5      | Reached XP level 8. HP: 55/73 MP: 8/8
  4150 | D:5      | Found a snail-covered altar of Cheibriados.
  4283 | D:5      | Found a glowing golden altar of the Shining One.
  4375 | D:5      | Reached skill level 10 in Axes
  4454 | D:5      | Noticed Prince Ribbit
  4471 | D:5      | HP: 13/73 [Prince Ribbit (15)]
  4489 | D:5      | Killed Prince Ribbit
  4725 | D:5      | Noticed Ijyb
  4737 | D:5      | Killed Ijyb
  4802 | D:5      | Reached skill level 11 in Axes
  5268 | D:6      | Noticed Maggie
  5291 | D:6      | HP: 25/111 [Maggie/+1 glaive of flaming (4)]
  5294 | D:6      | Killed Maggie
  5295 | D:6      | Reached skill level 8 in Fighting
  5295 | D:6      | Reached skill level 12 in Axes
  5618 | D:6      | Reached XP level 9. HP: 82/82 MP: 9/9
  5723 | D:6      | Found a staircase to the Ecumenical Temple.
  6608 | Temple   | Entered the Ecumenical Temple
  6688 | D:7      | Became a worshipper of Beogh the Brigand
  6734 | D:7      | Reached skill level 9 in Fighting
  7000 | D:7      | Reached skill level 13 in Axes
  7384 | D:7      | HP: 20/83 [poisoned by a water moccasin]
  7388 | D:7      | HP: 9/84 [poisoned by a water moccasin]
  7393 | D:7      | HP: 5/84 [poisoned by a water moccasin]
  7901 | D:7      | Found a blossoming altar of Fedhas.
  8114 | D:8      | Reached skill level 14 in Axes
  8128 | D:8      | Found an iron altar of Okawaru.
  8138 | D:8      | Reached * piety under Beogh
  8150 | D:8      | Reached skill level 10 in Fighting
  8543 | D:8      | Reached XP level 10. HP: 93/93 MP: 10/10
  8615 | D:8      | Found a staircase to the Lair.
  8994 | D:9      | Reached skill level 15 in Axes
  9154 | D:9      | Found a broken altar of Ashenzari.
  9188 | D:9      | Reached ** piety under Beogh
  9626 | D:9      | Found a staircase to the Orcish Mines.
  9959 | D:9      | Reached skill level 11 in Fighting
 10048 | D:10     | Entered Level 10 of the Dungeon
 10166 | D:10     | Reached skill level 16 in Axes
 10294 | D:10     | Found an ornate altar of the Wu Jian Council.
 10302 | D:10     | Reached skill level 1 in Invocations
 10360 | D:10     | Noticed a two-headed ogre
 10368 | D:10     | Killed a two-headed ogre
 10369 | D:10     | Reached skill level 12 in Fighting
 10369 | D:10     | Reached skill level 3 in Invocations
 10440 | D:10     | Noticed a two-headed ogre
 10448 | D:10     | Killed a two-headed ogre
 10449 | D:10     | Reached skill level 4 in Invocations
 10449 | D:10     | Reached XP level 11. HP: 40/105 MP: 12/14
 10533 | D:10     | Reached skill level 5 in Invocations
 10547 | D:10     | Found a hazy altar of Hepliaklqana.
 10864 | D:11     | Identified a scroll of acquirement
 10864 | D:11     | Noticed a cyclops
 10888 | D:11     | HP: 25/106 [cyclops (16)]
 10889 | D:11     | Killed a cyclops
 10890 | D:11     | Reached skill level 6 in Invocations
 11223 | D:3      | Bought a +2 plate armour of poison resistance for 518 gold
                  | pieces
 11235 | D:3      | Acquired the +1 helmet of Dilopn {Rampage Fly rElec Int-4
                  | Stlth+}
 11362 | Orc:1    | Entered Level 1 of the Orcish Mines
 11398 | Orc:1    | Reached skill level 13 in Fighting
 11508 | Orc:1    | Reached *** piety under Beogh
 11616 | Lair:1   | Entered Level 1 of the Lair of Beasts
 11744 | Lair:1   | HP: 24/107 [black mamba (10)]
 11751 | Lair:1   | Reached skill level 7 in Invocations
 11758 | Lair:1   | HP: 28/160 [torpor snail (1)]
 11769 | Lair:1   | HP: 18/160 [komodo dragon (14)]
 11772 | Lair:1   | Slain by a komodo dragon

Vanquished Creatures
  2 two-headed ogres (D:10)
  A cyclops (D:11)
  A black mamba (Lair:1)
  A torpor snail (Lair:1)
  Maggie (D:6)
  A komodo dragon (D:8)
  2 trolls
  Prince Ribbit (D:5)
  Grinder (D:3)
  2 shadows
  6 yaks
  2 vampires
  A basilisk (Lair:1)
  2 wyverns
  An acid dragon (D:10)
  Duvessa (D:5)
  5 water moccasins
  Pargi (D:3)
  4 orc warriors
  A black bear (Lair:1)
  An ogre (D:6)
  7 centaurs
  A phantom (D:3)
  2 kobold brigands
  2 scorpions
  A bullfrog (D:7)
  A necrophage (D:6)
  8 wights (D:8)
  Dowan (D:5)
  An electric eel (Lair:1)
  A howler monkey (D:8)
  A jelly (D:6)
  5 orc priests
  5 hounds
  A gnoll bouda (D:8)
  Ijyb (D:5)
  2 iguanas
  9 orc wizards
  A mummy (D:5)
  9 gnolls
  9 adders
  2 white imps
  2 ufetubi
  A worm (D:4)
  6 dart slugs
  42 orcs
  5 ball pythons
  9 endoplasms
  3 giant cockroaches
  6 goblins
  5 hobgoblins
  8 jackals (D:4)
  3 quokkas
  13 bats
  2 frilled lizards
  16 kobolds
  2 rats (D:1)
231 creatures vanquished.

Vanquished Creatures (others)
  39 plants (D:8)
39 creatures vanquished.

Grand Total: 270 creatures vanquished

Table legend:
 A = Non-vault XP
 B = Vault XP
 C = Vault XP percentage of total XP
 D = Non-vault monster count
 E = Vault monster count
 F = Vault count percentage of total count
                 A         B        C        D         E       F
            +---------+---------+-------+---------+---------+-------
      Total |   11102 |    2218 |  16.7 |     190 |      41 |  17.7
            +---------+---------+-------+---------+---------+-------
        D:1 |      47 |       0 |   0.0 |      24 |       0 |   0.0
        D:2 |     163 |       0 |   0.0 |      22 |       0 |   0.0
        D:3 |     145 |     405 |  73.6 |      11 |      10 |  47.6
        D:4 |      86 |      21 |  19.6 |      20 |       5 |  20.0
        D:5 |     236 |     775 |  76.7 |      11 |       7 |  38.9
        D:6 |     539 |     418 |  43.7 |       9 |       1 |  10.0
        D:7 |     681 |       0 |   0.0 |      11 |       0 |   0.0
        D:8 |    1162 |     361 |  23.7 |      35 |       1 |   2.8
        D:9 |    1407 |     238 |  14.5 |      11 |      17 |  60.7
       D:10 |    2956 |       0 |   0.0 |      11 |       0 |   0.0
       D:11 |    1006 |       0 |   0.0 |       3 |       0 |   0.0
     Lair:1 |    2062 |       0 |   0.0 |       9 |       0 |   0.0
      Orc:1 |     612 |       0 |   0.0 |      13 |       0 |   0.0
            +---------+---------+-------+---------+---------+-------

Illustrated notes

Table legend:
 A = Kills in this place as a percentage of kills in entire the game.
 B = Kills by you in this place as a percentage of kills by you in the entire game.
 C = Kills by friends in this place as a percentage of kills by friends in the entire game.
 D = Other kills in this place as a percentage of other kills in the entire game.
 E = Experience gained in this place as a percentage of experience gained in the entire game.
 F = Experience gained in this place divided by the number of levels of this place that you have seen.
                   A       B       C       D       E      F
               +-------+-------+-------+-------+-------+----------------------
         Total | 100.0 | 100.0 |   N/A |   N/A | 100.0 | 951.4
       Dungeon |  90.5 |  90.5 |   N/A |   N/A |  79.9 | 967.8
          Lair |   3.9 |   3.9 |   N/A |   N/A |  15.5 | 2062.0
  Orcish Mines |   5.6 |   5.6 |   N/A |   N/A |   4.6 | 612.0
               +-------+-------+-------+-------+-------+----------------------

Table legend: (Time is in decaauts)
 A = Elapsed time spent in this place.
 B = Non-inter-level travel time spent in this place.
 C = Inter-level travel time spent in this place.
 D = Time resting spent in this place.
 E = Time spent auto-exploring this place.
 F = Levels seen in this place.
 G = Mean time per level.
                   A        B        C        D        E       F      G
               +--------+--------+--------+--------+--------+-----+--------+
         Total |  11785 |  11006 |    779 |    582 |   8718 |  14 |  841.8 |
       Dungeon |  11416 |  10667 |    749 |    582 |   8491 |  11 | 1037.8 |
        Temple |     54 |     41 |     13 |      0 |     28 |   1 |   54.0 |
          Lair |    152 |    152 |      0 |      0 |     93 |   1 |  152.0 |
  Orcish Mines |    161 |    144 |     17 |      0 |    106 |   1 |  161.0 |
               +--------+--------+--------+--------+--------+-----+--------+

Top non-repeatable levels by time:
     D:6: 1455 daAuts
     D:5: 1387 daAuts
     D:7: 1334 daAuts
     D:9: 1133 daAuts
     D:3: 1121 daAuts
     D:8: 1026 daAuts
     D:1: 1025 daAuts
     D:4: 984 daAuts
     D:2: 889 daAuts
    D:10: 713 daAuts
    D:11: 342 daAuts
   Orc:1: 161 daAuts
  Lair:1: 152 daAuts
  Temple: 54 daAuts
